 Dungeon Crawl Stone Soup version 0.19.1 (webtiles) character file.

547 JGreham the Chopper (level 7, 0/62 HPs)
             Began as a Minotaur Berserker on Dec 23, 2016.
             Slain by a polar bear (8 damage)
             ... created by the rage of Trog
             ... on level 5 of the Dungeon.
             The game lasted 00:20:36 (2472 turns).

JGreham the Chopper (Minotaur Berserker)            Turns: 2472, Time: 00:20:36

Health: 0/62       AC:  5    Str: 21 (24) XL:     7   Next: 7%
Magic:  6/6        EV: 12    Int:  4      God:    Xom [..*...]
Gold:   140        SH:  0    Dex:  9      Spells: 1 memorised, 4 levels left

rFire  + . .     SeeInvis .     f - +0 broad axe (chop)
rCold  . . .     Gourm    .     l - +0 ring mail
rNeg   . . .     Faith    .     (no shield)
rPois  .         Spirit   .     (helmet restricted)
rElec  .         Reflect  .     (no cloak)
rCorr  .         Harm     .     (no gloves)
MR     .....                    (no boots)
Stlth  +.........               (no amulet)
                                (no ring)
                                g - ring of protection from fire

@: no status effects
A: retaliatory headbutt, horns 2
a: Renounce Religion


You were on level 5 of the Dungeon.
You worshipped Xom.
You were a toy of Xom.
You were not hungry.

You visited 2 branches of the dungeon, and saw 7 of its levels.

You collected 140 gold pieces.

Inventory:

Hand Weapons
 a - a +0 hand axe
 f - a +0 broad axe of chopping (weapon)
 h - a +0 scythe
 k - a +0 shortbow
Missiles
 m - 5 poisoned tomahawks (quivered)
Armour
 b - a +0 animal skin
 j - a +0 robe
 l - a +0 ring mail (worn)
 o - a +0 helmet
Jewellery
 g - a ring of protection from fire (left hand)
Books
 p - a book of Minor Magic

   Spells                             Type                      Level
   a - Magic Dart                     Conjuration                  1
   b - Blink                          Translocation                2
   c - Call Imp                       Summoning                    2
   d - Repel Missiles                 Charms/Air                   2
   e - Slow                           Hexes                        2
   f - Conjure Flame                  Conjuration/Fire             3
   g - Mephitic Cloud                 Conjuration/Poison/Air       3
Comestibles
 c - a bread ration


   Skills:
 * Level 5.9 Fighting
 * Level 7.1 Axes
 * Level 3.7 Armour
 + Level 3.7 Dodging
 + Level 0.5 Stealth


You had 4 spell levels left.
You knew the following spells:

 Your Spells              Type           Power        Failure   Level  Hunger
a - Blink                 Tloc           N/A          96%         2    ###....


Dungeon Overview and Level Annotations

Branches:
Dungeon (6/15)             Temple (1/1) D:5

Altars:
Ashenzari
Cheibriados
Elyvilon
Fedhas
Gozag
Makhleb
Qazlal
Ru
Uskayaw
Xom
Yredelemnul
The Shining One


Innate Abilities, Weirdness & Mutations

You reflexively headbutt those who attack you in melee.
You have a pair of horns on your head.


Message History

The polar bear claws you but does no damage.
The polar bear rages.
The polar bear bites you! The polar bear closely misses you.
The polar bear completely misses you. The polar bear bites you!
The polar bear claws you.
* * * LOW HITPOINT WARNING * * *
The polar bear claws you.
* * * LOW HITPOINT WARNING * * *
The polar bear completely misses you. The polar bear claws you.
* * * LOW HITPOINT WARNING * * *
The polar bear closely misses you. The polar bear bites you.
* * * LOW HITPOINT WARNING * * *
The polar bear closely misses you. The polar bear claws you.
* * * LOW HITPOINT WARNING * * *
The polar bear bites you but does no damage.
The polar bear barely misses you. The polar bear closely misses you.
The polar bear rages.
The polar bear bites you!
You die...
Xom chortles!

.......>...#.........#......#
...........#.........#......#
...........#.........#......#####
...........#.........#...........
...........#....##...#######.....
(..........##'####...## #.....
##'##......#..........# #.....
....#......#...h......# #.....
....#......#..hh@.....# #.....
....#......'...h......# #.....
....'......#....####### #.....
#...#......#....# ######
######.....#....# #....<#....#
#.....#....# #.....#....#
#.....#....#


You could see 3 polar bears and a black bear (berserk).

Vanquished Creatures
  Sigmund (D:3)
  A centaur (D:5)
  A bullfrog (D:5)
  A gnoll shaman (D:5)
  An iguana (D:5)
  4 orc wizards (D:5)
  5 gnolls (D:5)
  An adder (D:5)
  3 orcs (D:5)
  3 giant cockroaches
  A goblin (D:1)
  A hobgoblin (D:3)
  2 quokkas
  3 bats
  2 frilled lizards (D:1)
  3 kobolds (D:3)
  A rat (D:3)
34 creatures vanquished.

Notes
Turn   | Place    | Note
-------+----------+-------------------------------------------
     0 | D:1      | JGreham the Minotaur Berserker began the quest for the Orb.
     0 | D:1      | Reached XP level 1. HP: 19/19 MP: 0/0
   327 | D:4      | Noticed an orc priest
   345 | D:3      | Reached XP level 2. HP: 27/27 MP: 1/1
   432 | D:3      | Noticed Sigmund
   437 | D:3      | HP: 1/27 [Sigmund/scythe (10)]
   442 | D:3      | Killed Sigmund
   442 | D:3      | Reached skill level 5 in Fighting
   442 | D:3      | Reached skill level 5 in Axes
   442 | D:3      | Reached XP level 3. HP: 2/36 MP: 2/2
   442 | D:3      | Reached XP level 4. HP: 3/42 MP: 3/3
   442 | D:3      | Reached XP level 5. HP: 3/48 MP: 4/4
   829 | D:5      | Entered Level 5 of the Dungeon
  1306 | D:5      | Found a staircase to the Ecumenical Temple.
  1318 | Temple   | Entered the Ecumenical Temple
  1393 | Temple   | Identified a scroll of acquirement
  1441 | Temple   | Fell from the grace of Trog
  1441 | Temple   | Became a worshipper of Xom of Chaos
  1471 | D:5      | Reached skill level 6 in Axes
  1471 | D:5      | Reached XP level 6. HP: 49/56 MP: 5/5
  1525 | D:5      | XOM: harmless Pois miscast
  1679 | D:5      | XOM: harmless Ice miscast
  1826 | D:5      | Learned a level 2 spell: Blink
  1900 | D:5      | Reached skill level 7 in Axes
  2025 | D:5      | XOM: potion effect (curing)
  2037 | D:5      | Reached XP level 7. HP: 19/62 MP: 6/6
  2039 | D:5      | HP: 1/62 [gnoll/spear (5)]
  2047 | D:5      | HP: 1/93 [gnoll/spear (1)]
  2358 | D:5      | XOM: harmless Summ miscast
  2465 | D:5      | Noticed a polar bear
  2465 | D:5      | Noticed a polar bear
  2465 | D:5      | Noticed a polar bear
  2467 | D:5      | XOM: silly message
  2472 | D:5      | Slain by a polar bear

Skill      XL: |  1  2  3  4  5  6 |
---------------+-------------------+-----
Fighting       | 5 |  5.9
Axes           | 5 6 7 |  7.1
Armour         | 3 |  3.7
Dodging        | 3 |  3.7
Stealth        | |  0.5

Action                   |  1- 3 |  4- 6 |  7- 9 || total
-------------------------+-------+-------+-------++-------
Melee: Hand axe          |    35 |    16 |       ||    51
       Headbutt          |     4 |     9 |     2 ||    15
       Broad axe         |       |    41 |     4 ||    45
Throw: Tomahawk          |       |       |     5 ||     5
Invok: Berserk           |     1 |       |       ||     1
  Use: Scroll            |     2 |     3 |     1 ||     6
       Potion            |       |     2 |     3 ||     5
  Eat: Meat ration       |       |     1 |       ||     1
       Bread ration      |       |       |     1 ||     1
Armor: Animal skin       |    11 |     4 |       ||    15
       Skin              |       |    12 |    21 ||    33
       Ring mail         |       |    11 |     7 ||    18
Dodge: Dodged            |    28 |    49 |    21 ||    98
